 Dungeon Crawl Stone Soup version 0.28-a0-724-g66f9036eb4 (webtiles) character file.

Game seed: 5657776593242937568

3908 flotson the Skirmisher (level 10, -4/79 HPs)
             Began as a Demonspawn Delver on Oct 26, 2021.
             Succumbed to Erica's bolt of poison
             ... on level 8 of the Dungeon.
             The game lasted 00:28:52 (9636 turns).

flotson the Skirmisher (Demonspawn Delver)          Turns: 9636, Time: 00:28:52

Health: -4/79      AC: 16    Str: 15    XL:     10   Next: 1%
Magic:  0/10       EV:  6    Int: 23    God:
Gold:   351        SH:  7    Dex: 16    Spells: 9/9 levels left

rFire   + + .      SeeInvis .   a - +2 whip (elec)
rCold   + . .      Faith    .   m - +0 kite shield
rNeg    . . .      Spirit   +   u - +1 chain mail {rF+}
rPois   .          Reflect  .   E - +1 helmet
rElec   .          Harm     .   j - +1 cloak
rCorr   +          Rampage  .   A - +0 pair of gloves
Will    .....                   (no boots)
Stlth   ..........              (no amulet)
HPRegen 0.23/turn               p - ring of resist corrosion
MPRegen 0.24/turn               I - ring "Taaxkasm" {rF+ rC+ Int+10}

@: lethally poisoned (-4 -> -23), slowed, very slow
A: hooves 1, powered by death 1, magic shield, magic regeneration, big brain 1
a: no special abilities


You were on level 8 of the Dungeon.
You visited 2 branches of the dungeon, and saw 9 of its levels.
You also visited: Sewer.

You collected 698 gold pieces.
You spent 347 gold pieces at shops.

Inventory:

Hand Weapons
 a - a +2 whip of electrocution (weapon)
 b - a +0 vorpal trident
Missiles
 h - 58 poisoned darts (quivered)
 i - 3 throwing nets
Armour
 j - a +1 cloak (worn)
 m - a +0 kite shield (worn)
 u - a +1 chain mail of fire resistance (worn)
 A - a +0 pair of gloves (worn)
 E - a +1 helmet (worn)
Jewellery
 p - a ring of resist corrosion (left hand)
 I - the ring "Taaxkasm" (right hand) {rF+ rC+ Int+10}
   (You found it on level 7 of the Dungeon)

   [ring of protection from fire]

   Int:       It affects your intelligence (+10).
   rF:        It protects you from fire.
   rC:        It protects you from cold.
Wands
 g - a wand of digging (3)
Scrolls
 c - a scroll of fog
 e - 2 scrolls of fear
 o - a scroll of magic mapping
 q - 5 scrolls of immolation
 s - a scroll of holy word
 C - a scroll of enchant weapon
 D - a scroll of vulnerability {unknown}
 F - a scroll of silence {unknown}
 G - a scroll of blinking {unknown}
Potions
 f - 3 potions of haste
 l - 3 potions of invisibility
 z - a potion of lignification
 B - a potion of cancellation
 H - a potion of flight


   Skills:
 + Level 7.1 Fighting
 + Level 5.9 Axes
 - Level 1.1 Throwing
 + Level 5.7 Armour
 + Level 6.1 Dodging
 - Level 4.5 Stealth
 + Level 0.1 Shields
 + Level 6.1 Evocations


You had 9 spell levels left.
You didn't know any spells.
Your spell library contained the following spells:

 Spells                   Type           Power      Damage    Failure   Level
 Call Canine Familiar     Summ           0%         N/A       100%        3
 Portal Projectile        Hex/Tloc       0%         N/A       100%        3
 Leda's Liquefaction      Hex/Erth       0%         N/A       100%        4
 Summon Lightning Spire   Summ/Air       0%         N/A       100%        4
 Freezing Cloud           Conj/Ice/Air   0%         6-21      100%        5
 Simulacrum               Ice/Necr       0%         N/A       100%        6
 Storm Form               Tmut/Air       0%         N/A       100%        7
 Maxwell's Capacitive Co  Air            0%         ∞         100%        8
 Polar Vortex             Ice            0%         N/A       100%        9


Dungeon Overview and Level Annotations

Branches:
Dungeon (8/15)             Temple (1/1) D:4            Lair (0/6) D:8
  Sewer (visited)

Altars:
Cheibriados
Dithmenos
Elyvilon
Fedhas
Gozag
Hepliaklqana
Kikubaaqudgha
Makhleb
Nemelex Xobeh
Okawaru
Qazlal
Ru
Sif Muna
Trog
Uskayaw
Vehumet
Wu Jian
Xom
Yredelemnul
Zin
The Shining One

Shops:
D:7 ?*

Annotations:
D:8 Erica, Harold


Innate Abilities, Weirdness & Mutations

You have large cloven feet.
You regenerate a little health from kills.
When hurt, damage is shared between your health and your magic reserves.
You regenerate magic rapidly.
You have an unusually large brain. (Int +2)


Message History

Unknown command.
Erica zaps a wand.
The mass of ice explodes!
The iceblast engulfs you! You partially resist.
* * * LOW HITPOINT WARNING * * *
Erica gestures wildly while chanting.
Erica flickers and vanishes!
Deactivating autopickup; reactivate with Ctrl-A.
You bump into the rock wall.
You hear some strange, mumbled words.
You are more confused.
You bump into the rock wall.
You hear a zap.
An iceblast appears from out of thin air!
The mass of ice explodes!
The iceblast engulfs you but does no damage.
The iceblast engulfs something!
The now-empty wand crumbles to dust.
You whack something! Lightning courses through something!! Something hits you!
* * * LOW HITPOINT WARNING * * *
You hear some strange, mumbled words.
A bolt of poison appears from out of thin air!
The bolt of poison hits you.
You are lethally poisoned!
* * * LOW HITPOINT WARNING * * *
You feel much better.
You feel very sick. Something hits you but does no damage. Something hits you!
* * * LOW HITPOINT WARNING * * *
Something burns you.
* * * LOW HITPOINT WARNING * * *
You feel less confused.
You feel very sick.
You feel sick.
You hear some strange, mumbled words.
A bolt of poison appears from out of thin air!
The bolt of poison hits you!
You are lethally poisoned!
* * * LOW HITPOINT WARNING * * *
You hear some strange, mumbled words.
Something tries to affect you, but you resist.
You die...

.............# #.......##.###...#
...♣....####.# ##########.# #...#
......P.# #(# #.# #...# P..P.##.#
#.# #.# #...# #######.# #(# #.#
#...# #.# #.# #.# #...# #.# #.#
#.# #####
#######.####.############.#
.............{..@.......#.#
.............##########.#.#######
#######.######..........#........
#.# #.################## #.# #.#
#.# #.# #.######.####
#...........# #############


There were no monsters in sight!

Vanquished Creatures
  Pikel (D:4)
  A hornet (D:8)
  A wyvern (D:7)
  2 steam dragons
  2 water moccasins
  An orc warrior (D:7)
  2 sky beasts (D:7)
  3 necrophages
  An ogre (D:7)
  2 lemures (D:4)
  A centaur (D:6)
  A gnoll sergeant (D:8)
  A kobold brigand (D:7)
  3 bullfrogs
  4 scorpions
  5 killer bees
  3 wights (D:8)
  A lava snake (D:7)
  4 bullfrog zombies
  4 jellies
  2 orc priests
  Crazy Yiuf (D:2)
  A bullfrog skeleton (D:4)
  A gnoll shaman (D:6)
  4 hounds
  2 iguanas
  Terence (D:3)
  An orc wizard (D:6)
  17 gnolls
  A river rat (D:6)
  10 adders
  2 howler monkey skeletons
  2 white imps (D:7)
  3 worms
  5 dart slugs
  15 orcs
  11 ball pythons
  3 bats
  6 endoplasms
  5 giant cockroaches
  5 goblins
  8 hobgoblins
  12 jackals
  19 kobolds
  6 quokkas
  9 frilled lizards
  6 rats
201 creatures vanquished.

Vanquished Creatures (others)
  An orc (D:5)
  A fungus (D:8)
  8 plants (D:8)
10 creatures vanquished.

Grand Total: 211 creatures vanquished

Notes
Turn   | Place    | Note
-------+----------+-------------------------------------------
     0 | D:5      | flotson the Demonspawn Delver began the quest for the Orb.
     0 | D:5      | Reached XP level 1. HP: 18/18 MP: 1/1
    19 | D:5      | Noticed an orc priest
   263 | D:4      | Noticed an iguana
   295 | D:3      | Noticed Terence
   338 | D:3      | Killed Terence
   339 | D:3      | Reached skill level 1 in Throwing
   339 | D:3      | Reached skill level 1 in Armour
   339 | D:3      | Gained mutation: You have an unusually large brain. (Int
                  | +2) [demonic ancestry]
   339 | D:3      | Reached XP level 2. HP: 17/24 MP: 2/2
   339 | D:3      | Reached XP level 3. HP: 21/29 MP: 3/3
  1123 | D:1      | Reached XP level 4. HP: 33/35 MP: 4/4
  1144 | D:1      | Found a faded altar of an unknown god.
  1837 | D:2      | Reached skill level 1 in Evocations
  2224 | D:2      | Found a runed translucent door.
  2225 | D:2      | Noticed Crazy Yiuf
  2429 | D:2      | Killed Crazy Yiuf
  2430 | D:2      | Reached XP level 5. HP: 42/42 MP: 5/5
  2531 | D:3      | Reached skill level 4 in Fighting
  2885 | D:4      | Noticed Pikel
  2885 | D:4      | Noticed a lemure
  2885 | D:4      | Noticed a lemure
  2885 | D:4      | Noticed a lemure
  2886 | D:4      | Noticed a lemure
  3230 | D:4      | Killed a lemure
  3321 | D:4      | Killed a lemure
  3323 | D:4      | Killed Pikel
  3324 | D:4      | Gained mutation: You regenerate a little health from kills.
                  | [demonic ancestry]
  3324 | D:4      | Reached XP level 6. HP: 25/49 MP: 6/6
  3324 | D:4      | Gained mutation: You have large cloven feet. [demonic
                  | ancestry]
  3324 | D:4      | Reached XP level 7. HP: 28/55 MP: 7/7
  3484 | D:4      | Found a staircase to the Ecumenical Temple.
  3495 | Temple   | Entered the Ecumenical Temple
  4277 | D:4      | Reached skill level 5 in Fighting
  4425 | D:4      | Gained mutation: You regenerate magic rapidly. [demonic
                  | ancestry]
  4425 | D:4      | Reached XP level 8. HP: 42/62 MP: 8/8
  5678 | D:6      | Found a glowing drain.
  5709 | Sewer    | Entered a sewer
  6245 | D:6      | Reached skill level 6 in Fighting
  6344 | D:6      | Reached skill level 5 in Dodging
  6609 | D:6      | Gained mutation: When hurt, damage is shared between your
                  | health and your magic reserves. [demonic ancestry]
  6609 | D:6      | Reached XP level 9. HP: 69/69 MP: 9/9
  6705 | D:6      | Reached skill level 5 in Axes
  6730 | D:6      | Reached skill level 5 in Evocations
  6787 | D:6      | Found a hide-covered altar of Uskayaw.
  7268 | D:7      | Found Xuolazad's Assorted Antiques.
  7276 | D:7      | Bought a scroll labelled LASITT HIOMIDI for 28 gold pieces
  7276 | D:7      | Bought a scroll labelled XUFOYN VANUNISM for 28 gold pieces
  7276 | D:7      | Bought a smoky amethyst potion for 25 gold pieces
  7276 | D:7      | Bought 3 scrolls labelled WISUDA HOVIS USO for 84 gold
                  | pieces
  7421 | D:7      | Reached skill level 5 in Armour
  7690 | D:7      | Identified the ring "Taaxkasm" {rF+ rC+ Int+10}
  7752 | D:7      | Found Siewnez's Magic Scroll Shop.
  7771 | D:7      | Bought a scroll of teleportation for 39 gold pieces
  7771 | D:7      | Bought a scroll of identify for 26 gold pieces
  7771 | D:7      | Bought a scroll of noise for 13 gold pieces
  7771 | D:7      | Bought a scroll of identify for 26 gold pieces
  7771 | D:7      | Bought a scroll of identify for 26 gold pieces
  7771 | D:7      | Bought a scroll of identify for 26 gold pieces
  7771 | D:7      | Bought a scroll of identify for 26 gold pieces
  8333 | D:8      | Found Demiutzo's Assorted Antiques.
  8355 | D:8      | Found an opulent altar of Gozag.
  8355 | D:8      | Found a radiant altar of Vehumet.
  8355 | D:8      | Found an ancient bone altar of Kikubaaqudgha.
  8370 | D:8      | Noticed Erica
  8947 | D:8      | Noticed Harold
  8964 | D:8      | Found a staircase to the Lair.
  9012 | D:7      | Reached skill level 7 in Fighting
  9587 | D:8      | Reached XP level 10. HP: 79/79 MP: 10/10
  9635 | D:8      | HP: 2/79 [something/bolt of poison (11)]
  9636 | D:8      | Succumbed to Erica's bolt of poison

Illustrated notes

Levels and vault maps discovered:
D:1:      evilmike_arrival_plus, layout_loops_ring,
          shapermc_ecumenical_altar_mp_highgroup
D:2:      kennysheep_big_flooded_room, layout_rooms, uniq_crazy_yiuf_cottage
D:3:      layout_basic, uniq_terence
D:4:      minmay_polygon_palace, layout_cave_pools,
          minmay_temple_entry_stoned_glass, uniq_pikel
D:5:      layout_basic, lemuel_old_faithful
D:6:      layout_loops_ring, nicolae_uskayaw_suspiria, portal_sewer_entry_b,
          chequers_serial_rivers_micro_b
D:7:      layout_loops_ring, serial_shops, nicolae_lakefront_shop, shop,
          minmay_misc_feat_pillars, amcnicky_mini_pool_medium
D:8:      layout_basic, chequers_temple_overflow_statue_of_worship,
          kennysheep_little_box, minmay_lair_entry_grove, serial_shops, shop,
          grunt_ministairs_13, uniq_joseph, uniq_erica, uniq_harold
Temple:   minmay_temple_bridge_d

Skill      XL: |  1  2  3  4  5  6  7  8  9 |
---------------+----------------------------+-----
Dodging        | 2 3 4 5 6 |  6.1
Throwing       | 1 |  1.1
Armour         | 1 3 4 5 |  5.7
Axes           | 2 3 4 5 |  5.9
Evocations     | 1 3 4 6 |  6.1
Fighting       | 4 5 6 7 |  7.1
Stealth        | |  4.5
Shields        | |  0.1

Action                   |  1- 3 |  4- 6 |  7- 9 | 10-12 || total
-------------------------+-------+-------+-------+-------++-------
Melee: Hand axe          |    32 |       |       |       ||    32
       War axe           |    30 |    59 |       |       ||    89
       Quarterstaff      |       |    40 |       |       ||    40
       Whip              |       |       |   507 |     5 ||   512
       Kick              |       |       |   134 |     3 ||   137
Throw: Dart              |    15 |    11 |    31 |     2 ||    59
Evoke: Wand              |       |     6 |     5 |       ||    11
  Use: Scroll            |     1 |       |    17 |       ||    18
       Potion            |     1 |       |     2 |     3 ||     6
 Stab: Sleeping          |     3 |     3 |       |       ||     6
       Confused          |       |     1 |       |       ||     1
Armor: Leather armour    |     7 |       |       |       ||     7
       Ring mail         |    18 |    18 |       |       ||    36
       Chain mail        |       |    31 |   303 |     3 ||   337
Dodge: Dodged            |    45 |    43 |   239 |       ||   327
Block: Kite shield       |       |       |     1 |       ||     1

Table legend: (Time is in decaauts)
 A = Elapsed time spent in this place.
 B = Non-inter-level travel time spent in this place.
 C = Inter-level travel time spent in this place.
 D = Time resting spent in this place.
 E = Time spent auto-exploring this place.
 F = Levels seen in this place.
 G = Mean time per level.
                   A        B        C        D        E       F      G
               +--------+--------+--------+--------+--------+-----+--------+
         Total |   9749 |   9397 |    352 |   1113 |   6323 |  10 |  974.9 |
       Dungeon |   8964 |   8622 |    342 |   1113 |   5696 |   8 | 1120.5 |
        Temple |    231 |    222 |      9 |      0 |    213 |   1 |  231.0 |
         Sewer |    553 |    553 |      0 |      0 |    413 |   1 |  553.0 |
               +--------+--------+--------+--------+--------+-----+--------+

Top non-repeatable levels by time:
     D:4: 1533 daAuts
     D:7: 1342 daAuts
     D:3: 1181 daAuts
     D:6: 1100 daAuts
     D:8: 1074 daAuts
     D:5: 921 daAuts
     D:1: 919 daAuts
     D:2: 889 daAuts
   Sewer: 553 daAuts
  Temple: 231 daAuts
